Map: Proxima Station LE

Players

Sorry - Winner!

  • Race: Terran Terran
  • League: Platinum
  • Spawn Location: 1:00

BIGFLLA

  • Race: Protoss Protoss
  • League: Silver
  • Spawn Location: 7:00

VOD

Have the link to the VOD?

Description

Time

  • Played on: March 21, 2017, 6:30 a.m.
  • Length: 9:52
Show
View Real Time Build Order
Export as new Build Order

Sorry Terran - Winner!

Build Orders: MMM Bio 

Get SALT Encoding   

  12  0:14  SCV  
  13  0:22  Supply Depot  
  13  0:31  SCV  
  14  0:44  SCV  
  14  0:45  Refinery  
  15  0:50  Refinery  
  15  0:55  Barracks  
  15  0:56  SCV  
  16  1:08  SCV  
  17  1:20  SCV  
  18  1:26  Barracks  
  18  1:32  SCV  
  19  1:44  Supply Depot  
  19  1:48  Reaper  
  20  1:55  Orbital Command  
  20  2:17  Reaper  
  21  2:40  Command Center  
  21  3:35  Barracks Tech Lab  
  21  3:36  Barracks Reactor  
  21  3:42  SCV  
  21  3:47  Factory  
  22  3:54  SCV  
  22  3:55  Orbital Command  
  23  4:15  Marine, Marauder  
  23  4:16  Marine  
  27  4:20  Stimpack  
  27  4:32  SCV x2  
  27  4:33  Marine x2  
  31  4:44  SCV x2  
  33  4:56  SCV x2  
  35  5:12  Marine x2, Marauder  
  37  5:30  Marine x2  
  37  5:34  Factory Tech Lab, Starport  
  39  5:38  SCV x2  
  41  5:43  Supply Depot  
  41  5:50  SCV x2  
  41  5:55  Marine, Marauder  
  46  6:04  Marine, Siege Tank  
  46  6:05  SCV  
  46  6:06  Supply Depot  
  46  6:10  SCV  
  52  6:13  Marine  
  52  6:14  Starport Reactor  
  53  6:22  Marine  
  53  6:23  SCV x2  
  56  6:27  Marauder  
  56  6:28  Refinery  
  56  6:30  Marine  
  59  6:35  SCV x2  
  59  6:36  Combat Shields  
  59  6:37  Siege Tank  
  64  6:40  Marine  
  65  6:47  SCV x2  
  65  6:53  Medivac  
  69  7:00  Medivac  
  71  7:05  Supply Depot, Engineering Bay  
  71  7:18  Marauder, Engineering Bay  
  71  7:20  Marine x2  
  75  7:23  Medivac  
  75  7:27  Supply Depot  
  77  7:30  Medivac  
  77  7:35  Refinery  
  79  7:38  Marine x2, Missile Turret  
  79  7:40  Marauder  
  79  7:42  Missile Turret  
  83  7:50  Supply Depot  
  83  7:53  Medivac  
  83  7:55  Concussive Shells  
  83  7:56  Marine x2  
  83  7:58  Barracks  
  87  8:00  Marine  
  87  8:03  Supply Depot  
  88  8:15  Supply Depot  
  88  8:25  Medivac  
  88  8:26  Supply Depot  
  90  8:37  Supply Depot  
  90  8:45  Barracks Reactor  
  90  8:52  Marine x2, Marauder  
  94  8:59  Supply Depot  
  94  9:10  Marine x2  
Show
View Real Time Build Order
Export as new Build Order

BIGFLLA Protoss 

Build Orders: 1 Gate Expand, Zealot Archon 

Get SALT Encoding   

  12  0:01  Probe (Chrono Boost)  
  13  0:11  Probe (Chrono Boost)  
  14  0:17  Pylon  
  14  0:22  Probe (Chrono Boost)  
  15  0:36  Gateway  
  15  0:40  Probe (Chrono Boost)  
  16  0:51  Probe (Chrono Boost)  
  17  1:01  Probe (Chrono Boost)  
  18  1:15  Nexus  
  18  1:20  Probe (Chrono Boost)  
  19  1:29  Cybernetics Core  
  19  1:32  Probe (Chrono Boost)  
  20  1:37  Assimilator  
  20  1:43  Probe (Chrono Boost)  
  20  1:46  Assimilator  
  22  1:54  Probe (Chrono Boost)  
  22  2:21  Pylon  
  22  2:28  Probe x2 (Chrono Boost), Stalker  
  24  2:30  Warp Gate  
  26  2:38  Probe (Chrono Boost)  
  26  2:40  Probe (Chrono Boost)  
  27  2:52  Probe (Chrono Boost)  
  27  2:54  Probe (Chrono Boost)  
  29  3:02  Adept  
  29  3:12  Probe (Chrono Boost)  
  33  3:13  Probe (Chrono Boost)  
  32  3:24  Assimilator  
  32  3:25  Stalker  
  32  3:26  Assimilator  
  32  3:29  Probe (Chrono Boost)  
  32  3:30  Probe (Chrono Boost)  
  36  3:39  Probe (Chrono Boost)  
  38  3:43  Probe (Chrono Boost)  
  38  3:45  Pylon  
  38  3:50  Probe (Chrono Boost)  
  38  3:51  Stalker  
  38  3:55  Pylon, Probe (Chrono Boost)  
  42  3:58  Gateway  
  42  4:01  Gateway  
  42  4:10  Gateway  
  42  4:17  Stalker  
  44  4:28  Twilight Council  
  44  4:35  Probe (Chrono Boost)  
  44  4:37  Probe (Chrono Boost)  
  46  4:44  Pylon  
  46  4:49  Gateway  
  35  5:28  Nexus  
  35  5:31  Assimilator  
  35  5:35  Assimilator  
  35  5:39  Pylon  
  35  5:41  Pylon  
  35  5:43  Pylon  
  35  5:47  Blink  
  35  6:00  Probe (Chrono Boost)  
  35  6:02  Probe (Chrono Boost)  
  37  6:11  Probe (Chrono Boost)  
  38  6:14  Probe (Chrono Boost)  
  39  6:22  Mothership Core (Chrono Boost)  
  42  6:26  Probe (Chrono Boost)  
  42  6:31  Templar Archives  
  42  6:38  Probe (Chrono Boost)  
  44  6:40  Probe (Chrono Boost)  
  44  6:44  Probe (Chrono Boost)  
  45  6:49  Stalker  
  45  6:50  Probe x2 (Chrono Boost), Stalker x3  
  55  6:54  Probe (Chrono Boost)  
  55  7:01  Probe (Chrono Boost)  
  58  7:02  Probe (Chrono Boost)  
  58  7:05  Probe (Chrono Boost)  
  58  7:07  Stalker  
  61  7:11  Probe (Chrono Boost)  
  61  7:14  Probe (Chrono Boost)  
  64  7:15  Probe (Chrono Boost)  
  64  7:21  High Templar  
  64  7:22  High Templar x3, Probe (Chrono Boost)  
  73  7:26  Probe x2 (Chrono Boost)  
  75  7:35  Robotics Facility  
  75  7:38  Probe x2 (Chrono Boost)  
  75  7:39  Probe (Chrono Boost)  
  75  7:43  High Templar  
  80  7:44  Psionic Storm  
  80  7:45  Archon  
  80  7:46  Archon  
  80  8:13  Probe x2 (Chrono Boost)  
  80  8:15  Probe (Chrono Boost)  
  83  8:24  High Templar x3  
  83  8:25  High Templar  
  91  8:39  Observer  
  92  8:55  Immortal  
  96  9:04  Zealot x5  
Tags
 
Add a new tag
Caveats
  • Supply blocks, unpowered buildings, or Contaminate may cause inaccurate times.
  • Supply counts are checked every 10 seconds.